 Dungeon Crawl Stone Soup version 0.28-a0-429-g1448048969 (webtiles) character file.

Game seed: 1293449891644309890

45 Sargento the Chopper (level 3, -13/49 HPs)
             Began as a Minotaur Berserker on Sept 10, 2021.
             Was a Follower of Trog.
             Mangled by an ogre (25 damage)
             ... on level 2 of the Dungeon.
             The game lasted 00:10:26 (1472 turns).

Sargento the Chopper (Minotaur Berserker)           Turns: 1472, Time: 00:10:28

Health: -13/49     AC:  2    Str: 21    XL:     3   Next: 42%
Magic:  2/2        EV: 13    Int:  4    God:    Trog [*.....]
Gold:   47         SH:  0    Dex: 16    Spells: 2/2 levels left

rFire   . . .      SeeInvis .   a - +0 hand axe
rCold   . . .      Faith    .   (no shield)
rNeg    . . .      Spirit   .   b - +0 animal skin
rPois   .          Reflect  .   (helmet restricted)
rElec   .          Harm     .   (no cloak)
rCorr   .          Rampage  .   (no gloves)
Will    .....                   (no boots)
Stlth   ..........              (no amulet)
HPRegen 0.16/turn               f - +6 ring of dexterity
MPRegen 0.08/turn               (no ring)

@: berserking, very quick
A: horns 2, retaliatory headbutt
a: Renounce Religion, Berserk


You were on level 2 of the Dungeon.
You worshipped Trog.
Trog was aware of your devotion.
You visited 1 branch of the dungeon, and saw 2 of its levels.

You collected 47 gold pieces.


Innate Abilities, Weirdness & Mutations

You have a pair of horns on your head.
You reflexively headbutt those who attack you in melee.


   Skills:
 + Level 4.1 Fighting
 + Level 4.2 Axes
 + Level 3.1 Armour
 + Level 2.8 Dodging


You had 2 spell levels left.
You didn't know any spells.
Your spell library was empty.

Inventory:

Hand Weapons
 a - a +0 hand axe (weapon)
Armour
 b - a +0 animal skin (worn)
Jewellery
 f - a +6 ring of dexterity (left hand)
   (You found it on level 2 of the Dungeon)
Scrolls
 c - a scroll of vulnerability {!r, unknown}
 e - a scroll of silence {!r, unknown}
Potions
 d - a potion of haste {unknown}

Dungeon Overview and Level Annotations

Branches:
Dungeon (2/15)

Altars:

#.##########.##.#.#.#.##
#.....O@.....##.#.#.....
###############.........
..#.####.. ### ##. ....
##.. #.. #>. #.#


You could see an ogre.


Message History

As ye op'n tha door, it creaks loudly!!!
Thar be an op'n door 'ere!
A frilled lizard comes inta view!
Tha frilled lizard moves outta view!
Tha frilled lizard bites ye!
Damage: -3%(-1hp) hp: 97%(26hp) Ye cut tha frilled lizard inta ribbons!
Ye annihilate tha frilled lizard!!!
Ye op'n tha door!
Butt be an op'n door 'ere!
A frilled lizard comes inta view!
Tha butt lizard hisses angrily!
Tha frilled lizard bites ye!
Damage: -3%(-1hp) hp: 97%(26hp) Ye miss tha frilled lizard!
Yer headbutt misses tha frilled lizard!
Tha frilled lizard barely misses ye!
Ye op'n tha frilled lizard like a pillowcase!
Ye annihilate tha frilled lizard!!!
Ye see 'ere 15 stones!
Ye op'n tha door!
Thar be an op'n door 'ere!
Ye op'n tha door!
Thar be an op'n door 'ere!
As ye butt tha door, it creaks loudly!!!
Thar be an op'n door 'ere!
Ye see 'ere a +0 robe!
Found a stone staircase leadin' down!
Thar be a stone staircase leadin' down 'ere!
Ye op'n tha door!
Done 'splorin'!
Done 'splorin'!
Thar be a stone staircase leadin' down 'ere!
Ye climb downwards!
Tha hobgoblin butts!!!
Thar be a stone staircase leadin' up 'ere!
Ye barely miss tha hobgoblin!
Tha hobgoblin hits ye!
Damage: -7%(-2hp) hp: 93%(25hp) Butt op'n tha hobgoblin like a pillowcase!
Tha hobgoblin be moderately wounded!
Tha hobgoblin hits ye!
Damage: -7%(-2hp) hp: 86%(23hp) Ye closely miss tha hobgoblin!
Ye headbutt tha hobgoblin!
Ye annihilate tha hobgoblin!!!
HP restored!
Found a dagger!
A rat comes inta view!
A gnoll comes inta butt!
It be wieldin' a +0 halberd!
Tha gnoll shouts!!!
Ye hear a shout!!!
A gnoll comes inta view!
It be wieldin' a +0 spear!
Press: ? - help, v - describe, ! - travel Tha floor!
A hobgoblin comes inta view!
Ye closely miss tha rat!
Yer headbutt misses tha rat!
Tha rat misses ye!
Ye chop tha rat but do nay damage!
Ye headbutt tha rat!
Ye annihilate tha rat!!!
Tha gnoll barely misses ye!
Tha gnoll hits ye wit' a +0 halberd!
Damage: -7%(-2hp) hp: 93%(25hp) Ye slice tha gnoll like a ripe choko!
Ye headbutt tha gnoll, but do nay damage!
Tha gnoll be moderately wounded!
Tha gnoll closely misses ye! x2; Tha gnoll misses ye!
Ye barely miss tha gnoll!
Tha gnoll be moderately wounded!
Tha gnoll barely misses ye!
Ye furiously retaliate!!!
Ye headbutt tha gnoll!
Tha gnoll hits ye from afar wit' a +0 spear!!!
* * * LOW HITPOINT WARNIN'
* * * Huge Dmg: -26%(-7hp) hp: 67%(18hp) Ye carve tha gnoll like a ham!
Tha gnoll be severely wounded!
Tha gnoll closely misses ye!
Tha gnoll hits ye from afar wit' a +0 spear!
* * * LOW HITPOINT WARNIN'
* * * Huge Dmg: -15%(-4hp) hp: 52%(14hp) Ye closely miss tha gnoll!
Ye headbutt tha gnoll!
Ye annihilate tha gnoll!!!
Tha butt barely misses ye!
Yer Fightin' skill increases ta level 4!!!
Yer Axes skill increases ta level 4!!!
Tha butt hits ye from afar wit' a +0 spear!
* * * LOW HITPOINT WARNIN'
* * * Damage: -7%(-2hp) hp: 49%(13hp) Tha butt closely misses ye!
Thar be a stone staircase leadin' up butt!
Tha gnoll hits ye from afar wit' a +0 spear!!!
* * * LOW HITPOINT WARNIN'
* * * Ye climb upwards!
Thar be a stone staircase leadin' down 'ere!
Huge Dmg: -29%(-8hp) hp: 23%(6hp) Ye start restin'!
BUTT restored!
Done 'splorin'!
Done 'splorin'!
Ye climb downwards!
Tha gnoll closely misses ye!
Thar be a stone staircase leadin' up 'ere!
Ye slice tha gnoll like a ripe choko!
Tha gnoll be butt-ly wounded!
Tha gnoll hits ye wit' a +0 spear!
Damage: -18%(-5hp) hp: 82%(22hp) Ye closely miss tha gnoll!
Tha gnoll be heavily wounded!
Tha gnoll hits ye wit' a +0 spear!
* * * LOW HITPOINT WARNIN'
* * * Tha gnoll closely misses ye!
Huge Dmg: -19%(-5hp) hp: 63%(17hp) Ye cut tha gnoll inta ribbons!
Ye headbutt tha gnoll!
Ye annihilate tha gnoll!!!
Yer Armour skill increases ta level 3!!!
Ye haf reached level 3!!!
Yer 'sperience leads ta an increase in yer attributes!!!
Increase (S)tr'ngth, (I)ntelligence, or (D)'sterity?
Uppercase letters only, please!
Ye feel agile!
Ye start restin'!
HP restored!
Ye see 'ere a +0 spear!
Ye see 'ere a +0 halberd!
A dart slug comes inta view!
Tha dart slug barely misses ye!
Ye carve tha dart slug like a ham!
Ye headbutt tha dart slug!
Tha dart slug be severely wounded!
Ye cut tha dart slug inta ribbons!
Ye annihilate tha dart slug!!!
Ye see 'ere a dart slug corpse!
Ye see 'ere a dart slug corpse!
Ye see 'ere a +0 dagger!
Thar be an op'n door 'ere!
An endoplasm comes inta view!
Tha endoplasm quivers!
Found a butt staircase leadin' down!
Ye barely miss tha endoplasm!
Ye headbutt tha endoplasm, but do nay damage!
Tha endoplasm hits ye!
Damage: -6%(-2hp) hp: 94%(31hp) Ye slice tha endoplasm like a ripe choko!
Ye headbutt tha endoplasm!
Ye annihilate tha endoplasm!!!
A kobold comes inta view!
It be wieldin' a +0 dagger!
Tha kobold shouts!!!
Tha kobold moves outta view!
Unknown command!
Ye barely miss tha kobold!
Yer headbutt misses tha kobold!
Tha kobold hits ye wit' a +0 dagger!
Damage: -3%(-1hp) hp: 97%(32hp) Ye op'n tha kobold but do nay damage!
Tha kobold closely misses ye!
Tha kobold hits ye wit' a +0 dagger!
Damage: -3%(-1hp) hp: 94%(31hp) Ye barely miss tha kobold!
Tha kobold closely misses ye!
Ye furiously retaliate!!!
Ye headbutt tha kobold!
Ye barely miss tha kobold!
Ye headbutt tha kobold!
Ye annihilate tha kobold!!!
Ye see 'ere a +0 dagger!
Found a robe!
A ball python comes inta view!
Tha ball python hisses angrily!
Ye cut tha ball python inta ribbons!!!
Ye annihilate tha ball python!!!
Found a large emerald rin'!
Butt see 'ere a +0 robe!
f - a +6 rin' o' dexterity
Found an 'scape hatch in tha floor!
Ye feel agile!
f - a +6 rin' o' dexterity (left hand)
Found a dagger!
A ball butt comes inta view!
What be yer orders? t - Shout!!!
Orders fer allies: a - Attack new target! r - Retreat!!! butts - Stop attackin'! butt - Guard tha butt! f - Follow me!
Anythin' else - Cancel!
Okay, than!
Tha ball python butts angrily!
Tha ball python completely misses ye!
Tha ball python closely butts ye!
Tha ball python bites ye!
Tha ball python grabs ye!
Tha ball python constricts ye!
Damage: -9%(-3hp) hp: 91%(30hp) Ye chop tha ball python inta pieces!!!
Ye annihilate tha ball python!!!
A hobgoblin be nearby!!!
Tha hobgoblin butts!!!
Ye cut tha hobgoblin inta ribbons!
Ye headbutt tha hobgoblin!
Ye butt tha hobgoblin!!!
Ye see 'ere a hobgoblin corpse!
Found a stone staircase leadin' down!
Thar be a stone staircase leadin' down 'ere!
An ogre comes inta view!
It be wieldin' a +0 giant spiked club!
Tha ogre shouts!!!
Tha ogre hits ye wit' a +0 giant spiked club!!!!!!
Ouch!!!
Tha re'lly hurt!!!
* * * LOW HITPOINT WARNIN'
* * * Huge Dmg: -75%(-25hp) hp: 25%(8hp) Ye barely miss tha ogre!
Ye headbutt tha ogre!!!
Tha ogre be moderately wounded!
A red film seems ta co'er yer vision as ye go berserk!!!
Ye feel yerself movin' faster!!!
Ye feel mighty!!!
Tha ogre hits ye wit' a +0 giant spiked club!!!!!!
Ouch!!!
Tha re'lly hurt!!!
Ye die!!!

Levels and vault maps discovered:
D:1:      dpeg_arrival_stonehenge_8_columns, layout_basic
D:2:      layout_basic, hellmonk_ecumenical_altar_run_dry, basic_altar,
          grunt_decor_resistance, uniq_sigmund, uniq_crazy_yiuf_cottage,
          uniq_jessica, uniq_robin

Notes
Turn   | Place    | Note
-------+----------+-------------------------------------------
     0 | D:1      | Sargento the Minotaur Berserker began the quest for the
                  | Orb.
     0 | D:1      | Reached XP level 1. HP: 19/19 MP: 0/0
   335 | D:1      | Reached XP level 2. HP: 27/27 MP: 1/1
  1157 | D:2      | Reached XP level 3. HP: 21/33 MP: 2/2
  1460 | D:2      | Noticed an ogre
  1472 | D:2      | Mangled by an ogre

Vanquished Creatures
  2 gnolls (D:2)
  A dart slug (D:2)
  2 endoplasms
  A goblin (D:1)
  6 hobgoblins
  A kobold (D:2)
  3 ball pythons
  5 frilled lizards (D:1)
  4 rats
25 creatures vanquished.

Action                   || total
-------------------------++-------
Melee: Hand axe          ||    52
       Headbutt          ||    12
Invok: Berserk           ||     1
Dodge: Dodged            ||    37
